 Dungeon Crawl Stone Soup version 0.29.1-12-g30fa7ad0bf (webtiles) character file.

Game seed: 2274847677906273326

98 hawla the Firebug (level 5, -1/38 HPs)
             Began as a Meteoran Fire Elementalist on Jan 14, 2023.
             Slain by a goblin
             ... wielding a +0 dagger
             ... led by Robin
              (5 damage)
             ... on level 3 of the Dungeon.
             The game lasted 00:02:48 (376 turns).

hawla the Firebug (Meteoran Fire Elementalist)       Turns: 376, Time: 00:02:49

Health: -1/38      AC:  3    Str:  9    XL:     5   Next: 21%
Magic:  6/10       EV: 12    Int: 19    God:
Gold:   43         SH:  0    Dex: 14    Spells: 2/9 levels left

rFire   . . .      SeeInvis .   g - staff of poison
rCold   . . .      Faith    .   (no shield)
rNeg    . . .      Spirit   .   a - +0 robe
rPois   +          Reflect  .   e - +0 helmet
rElec   .          Harm     .   (no cloak)
rCorr   .          Rampage  .   (no gloves)
Will    .....                   (no boots)
Stlth   +.........              (no amulet)
HPRegen 0.12/turn               (no ring)
MPRegen 0.12/turn               (no ring)

@: about to teleport, very slightly contaminated, glowing
A: sense surroundings 1, otherworldly, glowing, explore regen
a: no special abilities


You were on level 3 of the Dungeon.
You visited 1 branch of the dungeon, and saw 3 of its levels.

You collected 43 gold pieces.

Inventory:

Armour
 a - a +0 robe (worn)
 e - a +0 helmet (worn)
Magical Staves
 g - a staff of poison (weapon)
Scrolls
 c - a scroll of teleportation
 d - a scroll of poison {unknown}
 f - a scroll of summoning {unknown}


   Skills:
 + Level 2.3 Staves
 - Level 2.4 Dodging
 - Level 1.4 Stealth
 - Level 2.9 Spellcasting
 + Level 1.4 Conjurations
 - Level 4.3 Fire Magic
 + Level 2.2 Poison Magic
 + Level 2.2 Evocations


You had 2 spell levels left.
You knew the following spells:

 Your Spells              Type           Power      Damage    Failure   Level
a - Foxfire               Conj/Fire      52%        2x1d6     4%          1
b - Scorch                Fire           38%        2d6       4%          2
c - Flame Wave            Conj/Fire      13%        2d6       43%         4

Your spell library contained the following spells:

 Spells                   Type           Power      Damage    Failure   Level
 Magic Dart               Conj           32%        1d4       9%          1
 Call Imp                 Summ           2%         N/A       24%         2
 Conjure Flame            Conj/Fire      13%        6-21      14%         3
 Inner Flame              Hex/Fire       10%        N/A       19%         3
 Mephitic Cloud           Conj/Pois/Air  11%        N/A       28%         3


Dungeon Overview and Level Annotations

Branches:
Dungeon (3/15) Zot: 1423

Altars:

Annotations:
D:3 Robin


Innate Abilities, Weirdness & Mutations

You passively map a small area around you.
You are easily found by Zot.
You glow in the dark.
You regain HP and MP as you explore.


Message History

A goblin comes into view. It is wielding a +0 dagger.
Robin throws the goblin at you!
Casting: Scorch (safe; 4% risk of failure)
Confirm with . or Enter, or press ? or * to list all spells.
The spell is extremely dangerous to miscast (43% risk of failure)!
Continue anyway?
Casting: Flame Wave (extremely dangerous; 43% risk of failure)
Press: ? - help, Dir - look around, f - activate
Okay, then.
Okay, then.
Casting: Flame Wave (extremely dangerous; 43% risk of failure)
Confirm with . or Enter, or press ? or * to list all spells.
Flames lash the goblin.
You kill the goblin!
You hear a shout!
Robin roars a battlecry!
The goblins go into a battle-frenzy!
The worm bites you!
Casting: Scorch (safe; 4% risk of failure)
Confirm with . or Enter, or press ? or * to list all spells.
Flames lash the ball python.
You kill the ball python!
Robin throws the goblin at you! The goblin hits you with a dagger.
Unknown command.
Magic courses through your body. The goblin barely misses you.
The worm bites you.
Casting: Scorch (safe; 4% risk of failure)
Confirm with . or Enter, or press ? or * to list all spells.
The spell is extremely dangerous to miscast (43% risk of failure)!
Continue anyway?
Casting: Flame Wave (extremely dangerous; 43% risk of failure)
Press: ? - help, Dir - look around, f - activate You miscast Flame Wave.
You are very lightly contaminated with residual magic.
You feel uncomfortably hot!
* * * LOW HITPOINT WARNING * * *
The goblin hits you with a +0 dagger.
* * * LOW HITPOINT WARNING * * *
As you read the scroll labelled FEIHEE CAWE, it crumbles to dust.
You feel strangely unstable.
It was a scroll of teleportation.
The worm closely misses you. The goblin hits you with a +0 dagger.
You die...

... ###
.............#
... *
.............
###
............
...*
.....g..... ...
, .....gggg. ,
,. ....†gggS
,.....ggw# ,
##@####### ,
*#........#
#...........#
,,
,#..##........#
...* ##......##
, .. .,
#......# #**#.
#......# * *
#.#...)..# ,
.#........#


You could see a worm, Robin, 2 hobgoblins, 7 goblins and a ball python.

Vanquished Creatures
  A phantom (D:3)
  A gnoll (D:3)
  2 ball pythons
  2 bats
  2 endoplasms
  3 goblins
  A hobgoblin (D:3)
  A quokka (D:2)
  A frilled lizard (D:3)
  3 kobolds
  A rat (D:3)
18 creatures vanquished.

Vanquished Creatures (others)
  23 foxfires
23 creatures vanquished.

Grand Total: 41 creatures vanquished

Notes
Turn   | Place    | Note
-------+----------+-------------------------------------------
     0 | D:1      | hawla the Meteoran Fire Elementalist began the quest for
                  | the Orb.
     0 | D:1      | Reached XP level 1. HP: 14/14 MP: 5/5
    88 | D:2      | Reached XP level 2. HP: 20/20 MP: 4/6
    91 | D:2      | Learned a level 2 spell: Scorch
   156 | D:2      | Reached skill level 4 in Fire Magic
   170 | D:2      | Identified the amulet "Kutues" {Spirit Str+5}
   253 | D:3      | Reached XP level 3. HP: 22/26 MP: 2/8
   345 | D:3      | Noticed a phantom
   348 | D:3      | Reached skill level 1 in Staves
   351 | D:3      | Killed a phantom
   352 | D:3      | Reached XP level 4. HP: 33/33 MP: 3/9
   352 | D:3      | Reached XP level 5. HP: 38/38 MP: 3/10
   357 | D:3      | Learned a level 4 spell: Flame Wave
   370 | D:3      | Noticed Robin
   376 | D:3      | Slain by a goblin

Illustrated notes

Levels and vault maps discovered:
D:1:      dpeg_arrival_yet_another_circle, layout_rooms
D:2:      layout_basic
D:3:      layout_rooms, ebering_ecumenical_altar_sacrificial, uniq_robin

Skill      XL: |  1  2  3 |
---------------+----------+-----
Fire Magic     | 4 |  4.3
Staves         | 2 |  2.3
Poison Magic   | 2 |  2.2
Evocations     | 2 |  2.2
Dodging        | |  2.4
Stealth        | |  1.4
Spellcasting   | |  2.9
Conjurations   | |  1.4

Action                   |  1- 3 |  4- 6 || total
-------------------------+-------+-------++-------
Melee: Unarmed           |    13 |       ||    13
       Staff             |     1 |       ||     1
 Cast: Foxfire           |    14 |       ||    14
       Scorch            |     6 |     4 ||    10
  Use: Scroll            |       |     1 ||     1
       Potion            |       |     1 ||     1
Armor: Robe              |     2 |       ||     2
Dodge: Dodged            |    12 |     2 ||    14
